Map: Snowy Mesa

Players

Wanbli - Winner!

  • Race: Zerg Zerg
  • League: Platinum

Tenonee - Winner!

  • Race: Zerg Zerg
  • League: Diamond

GeneralGdog

  • Race: Zerg Zerg
  • League: Platinum

doctor

  • Race: Protoss Protoss
  • League: Platinum

VOD

Have the link to the VOD?

Description

Time

  • Played on: July 29, 2016, 10:11 a.m.
  • Length: 6:00
Show
View Real Time Build Order
Export as new Build Order

Wanbli Zerg - Winner!

Build Orders: Hatch First 

Get SALT Encoding   

  12  0:02  Drone  
  13  0:15  Drone  
  14  0:25  Extractor x2  
  14  0:26  Drone x2  
  16  0:49  Hatchery  
  15  0:50  Overlord  
  15  1:10  Drone x3  
  18  1:18  Spawning Pool  
  17  1:20  Extractor  
  17  1:22  Drone  
  17  1:36  Drone  
  18  1:45  Drone  
  19  1:55  Drone  
  20  2:04  Queen  
  20  2:06  Queen  
  24  2:08  Overlord  
  24  2:17  Drone  
  24  2:18  Drone  
  24  2:22  Roach Warren  
  25  2:25  Extractor  
  25  2:26  Drone x2  
  26  2:31  Drone  
  26  2:36  Overlord  
  31  3:05  Roach x2  
  31  3:06  Roach x3  
  37  3:20  Overlord  
  37  3:22  Roach x3  
  43  3:33  Drone  
  44  3:39  Overlord  
  44  3:42  Roach x4  
  52  4:00  Roach x4  
  60  4:13  Overlord x2  
  60  4:34  Hatchery  
  53  5:10  Roach x4  
  53  5:11  Roach x5  
  71  5:24  Drone  
  72  5:45  Spore Crawler  
  69  5:51  Spine Crawler  
Show
View Real Time Build Order
Export as new Build Order

Tenonee Zerg - Winner!

Build Orders: Hatch First 

Get SALT Encoding   

  12  0:01  Drone  
  13  0:15  Overlord  
  13  0:20  Drone  
  14  0:34  Drone x2  
  16  0:43  Drone  
  17  0:52  Drone  
  18  0:59  Drone  
  19  1:04  Extractor  
  19  1:05  Hatchery  
  17  1:17  Spawning Pool  
  16  1:31  Drone x3  
  19  1:45  Overlord  
  19  1:56  Drone  
  20  2:04  Queen  
  22  2:13  Roach Warren  
  21  2:17  Queen  
  21  2:21  Drone x3  
  26  2:33  Drone x2  
  28  2:38  Drone  
  29  2:46  Drone  
  30  2:52  Extractor  
  30  2:55  Drone  
  30  2:59  Drone  
  30  3:01  Drone x2  
  33  3:08  Drone  
  33  3:18  Overlord  
  33  3:19  Overlord  
  33  3:26  Roach  
  35  3:35  Overlord x2  
  35  3:39  Roach x4  
  35  3:40  Roach  
  45  3:47  Roach x3  
  51  3:55  Roach x2  
  55  4:11  Roach  
  55  4:12  Roach x4  
  65  4:19  Roach  
  65  4:22  Overlord x2  
  63  4:49  Roach x3  
  63  4:50  Roach x5  
  75  5:17  Roach x2  
  75  5:18  Roach x2  
Show
View Real Time Build Order
Export as new Build Order

GeneralGdog Zerg 

Build Orders: Hatch First 

Get SALT Encoding   

  12  0:01  Drone  
  13  0:08  Drone  
  14  0:17  Overlord  
  14  0:22  Extractor  
  14  0:36  Drone x2  
  16  0:44  Drone  
  17  0:55  Hatchery  
  16  1:00  Drone  
  17  1:13  Spawning Pool  
  17  1:16  Extractor, Drone  
  16  1:20  Drone  
  17  1:27  Drone  
  18  1:38  Drone  
  19  1:48  Overlord  
  19  2:00  Queen  
  21  2:02  Zergling x2  
  21  2:08  Zergling x2  
  23  2:09  Queen  
  23  2:11  Zergling x2  
  26  2:16  Metabolic Boost  
  26  2:21  Zergling x4  
  28  2:34  Drone x2  
  30  2:39  Queen  
  30  2:42  Drone  
  33  2:48  Queen  
  35  2:52  Overlord  
  35  3:04  Drone  
  36  3:10  Drone x5  
  36  3:11  Drone  
  42  3:15  Overlord  
  42  3:28  Drone x2  
  44  3:35  Drone x4  
  48  3:43  Overlord  
  48  3:58  Drone x4  
  52  4:02  Lair  
  52  4:03  Overlord  
  52  4:05  Drone x3  
  52  4:08  Extractor  
  54  4:13  Extractor  
  54  4:14  Extractor  
  54  4:15  Drone  
  54  4:16  Drone  
  54  4:25  Drone x4  
  54  4:45  Zergling x2  
  54  4:46  Zergling x8  
  56  4:53  Spine Crawler  
  56  4:55  Spine Crawler  
  56  4:56  Spine Crawler, Zergling x8  
  57  5:07  Zergling x8  
  51  5:25  Spire  
  41  5:39  Zergling x6  
Show
View Real Time Build Order
Export as new Build Order

doctor Protoss 

Build Orders: 1 Gate Expand 

Get SALT Encoding   

  12  0:01  Probe (Chrono Boost)  
  13  0:12  Probe (Chrono Boost)  
  14  0:22  Pylon  
  14  0:25  Probe (Chrono Boost)  
  15  0:41  Probe (Chrono Boost)  
  16  0:44  Gateway  
  16  0:46  Assimilator  
  16  0:51  Probe (Chrono Boost)  
  17  1:02  Probe (Chrono Boost)  
  18  1:13  Probe (Chrono Boost)  
  19  1:36  Nexus  
  19  1:43  Probe (Chrono Boost)  
  19  1:45  Cybernetics Core  
  20  1:47  Assimilator  
  20  1:52  Pylon  
  20  2:02  Probe (Chrono Boost)  
  20  2:14  Probe (Chrono Boost)  
  21  2:20  Adept  
  21  2:24  Warp Gate  
  23  2:31  Gateway  
  23  2:36  Robotics Facility  
  23  2:41  Probe (Chrono Boost)  
  24  2:50  Adept  
  24  2:53  Probe (Chrono Boost)  
  24  2:56  Probe (Chrono Boost)  
  29  3:05  Probe (Chrono Boost)  
  29  3:07  Pylon  
  29  3:11  Probe (Chrono Boost)  
  30  3:17  Probe (Chrono Boost)  
  31  3:22  Observer  
  32  3:31  Mothership Core (Chrono Boost)  
  32  3:32  Probe (Chrono Boost)  
  35  3:36  Pylon  
  35  3:41  Twilight Council  
  35  3:42  Probe (Chrono Boost)  
  35  3:43  Pylon  
  36  3:52  Immortal  
  34  4:01  Probe (Chrono Boost)  
  34  4:02  Probe (Chrono Boost)  
  40  4:04  Assimilator  
  40  4:10  Assimilator  
  40  4:11  Probe (Chrono Boost)  
  40  4:14  Probe (Chrono Boost)  
  40  4:15  Charge  
  42  4:22  Probe (Chrono Boost)  
  43  4:28  Warp Prism  
  45  4:49  Pylon  
  45  4:52  Pylon  
  43  4:59  Immortal  
  37  5:16  Stalker  
  37  5:17  Stalker  
  41  5:44  Pylon  
  41  5:46  Pylon  
  39  5:50  Pylon  
  39  5:52  Pylon  
  39  5:53  Pylon  
Tags
 
Add a new tag
Caveats
  • Supply blocks, unpowered buildings, or Contaminate may cause inaccurate times.
  • Supply counts are checked every 10 seconds.